 Dungeon Crawl Stone Soup version 0.22.1-6-g1668fe2 (webtiles) character file.

63 brainwave the Slasher (level 4, -8/37 HPs)
             Began as a Human Berserker on Jan 28, 2019.
             Was a Follower of Trog.
             Killed from afar by Sigmund (11 damage)
             ... with a puff of flame
             ... on level 2 of the Dungeon.
             The game lasted 00:16:20 (1706 turns).

brainwave the Slasher (Human Berserker)             Turns: 1706, Time: 00:16:21

Health: -8/37      AC:  9    Str: 19    XL:     4   Next: 30%
Magic:  4/4        EV:  8    Int:  9    God:    Trog [*.....]
Gold:   35         SH:  0    Dex: 12    Spells: 3/3 levels left

rFire    . . .     SeeInvis .   k - +2 dagger (drain)
rCold    . . .     Gourm    .   (no shield)
rNeg     . . .     Faith    .   j - +0 chain mail
rPois    .         Spirit   .   (no helmet)
rElec    .         Reflect  .   (no cloak)
rCorr    .         Harm     .   e - +0 pair of gloves
MR       +....                  (no boots)
Stlth    ..........             (no amulet)
HPRegen  0.12/turn              (no ring)
MPRegen  0.09/turn              (no ring)

@: drained
A: blurry vision 1, clever 1, magic resistance 1
a: Berserk, Renounce Religion


You were on level 2 of the Dungeon.
You worshipped Trog.
Trog was aware of your devotion.
You were not hungry.

You visited 1 branch of the dungeon, and saw 2 of its levels.

You collected 35 gold pieces.

Inventory:

Hand Weapons
 a - a +0 falchion
 f - a +0 spear
 i - a cursed +0 spear
 k - a +2 dagger of draining (weapon)
Armour
 b - a +0 animal skin
 e - a +0 pair of gloves (worn)
 j - a +0 chain mail (worn)
 n - a +0 pair of gloves
Jewellery
 g - an uncursed amulet of faith {unknown}
 h - an uncursed ring of stealth {unknown}
Scrolls
 d - a scroll of enchant weapon
Comestibles
 c - a ration


   Skills:
 + Level 3.7(3.2) Fighting
 + Level 0.2(1.8) Short Blades
 + Level 3.8(3.3) Long Blades
 + Level 2.2(1.7) Armour
 + Level 2.2(1.8) Dodging
 + Level 0.6(0.1) Stealth


You had 3 spell levels left.
You didn't know any spells.
Your spell library was empty.

Dungeon Overview and Level Annotations

Branches:
Dungeon (2/15)

Altars:
Gozag

Annotations:
D:2 Natasha, Sigmund


Innate Abilities, Weirdness & Mutations

Scrolls take you a little longer to read.
Your mind is acute. (Int +2)
You are resistant to hostile enchantments. (MR+)


Message History

Something hits you but does no damage.
You see here a ball python corpse.
You barely miss something. Something hits you!
You closely miss something. Something hits you.
You hit something. Something hits you.
Okay, then.
You aren't carrying any potions.
You hit something but do no damage. Something hits you.
Your chain mail prevents you from hitting something.
Something hits you!
* * * LOW HITPOINT WARNING * * *
You hit something but do no damage. Something hits you.
* * * LOW HITPOINT WARNING * * *
You closely miss something. Something hits you.
* * * LOW HITPOINT WARNING * * *
You hit something but do no damage.
You hear some strange, mumbled words.
A puff of flame appears from out of thin air!
The puff of flame hits you!
You die...

.##.# ....
#..###.######
#.## .##.#
####
##.........
#.# .##.#
#..##.###.
#.# .##.#
#..##.# ..#
..... #..##.#
..# .####
#..†..# ...#
.#
##.##.#######
#..# .#
#.##........
.#
#@##........
.#
#{##....@...
## #..#.# #
##.#.# #...#
##..# .....
........
...........


There were no monsters in sight!

Vanquished Creatures
  Terence (D:2)
  2 adders (D:2)
  A dart slug (D:1)
  A giant cockroach (D:2)
  A goblin (D:1)
  3 hobgoblins
  3 kobolds (D:2)
  2 quokkas (D:2)
  2 ball pythons
  A bat (D:2)
  A frilled lizard (D:1)
  A rat (D:1)
19 creatures vanquished.

Notes
Turn   | Place    | Note
-------+----------+-------------------------------------------
     0 | D:1      | brainwave the Human Berserker began the quest for the Orb.
     0 | D:1      | Reached XP level 1. HP: 18/18 MP: 1/1
   404 | D:1      | Reached XP level 2. HP: 24/24 MP: 2/2
   804 | D:2      | Noticed Terence
   812 | D:2      | HP: 1/24 [Terence/hand axe (2)]
   846 | D:2      | Killed Terence
   846 | D:2      | Reached XP level 3. HP: 29/29 MP: 3/3
  1008 | D:2      | Reached XP level 4. HP: 20/36 MP: 4/4
  1147 | D:2      | Found an opulent altar of Gozag.
  1305 | D:2      | Noticed Natasha
  1338 | D:2      | Gained mutation: You are resistant to hostile enchantments.
                  | (MR+) [potion of mutation]
  1338 | D:2      | Gained mutation: Scrolls take you a little longer to read.
                  | [potion of mutation]
  1338 | D:2      | Gained mutation: Your mind is acute. (Int +2) [potion of
                  | mutation]
  1686 | D:2      | Noticed Sigmund
  1706 | D:2      | Killed from afar by Sigmund

Action                   |  1- 3 |  4- 6 || total
-------------------------+-------+-------++-------
Melee: Falchion          |    52 |       ||    52
       Dagger            |    10 |    31 ||    41
  Use: Potion            |     4 |     1 ||     5
       Scroll            |     2 |     1 ||     3
 Stab: Sleeping          |     1 |     1 ||     2
  Eat: Ration            |       |     1 ||     1
       Chunk             |       |     1 ||     1
Armor: Animal skin       |     7 |     1 ||     8
       Skin              |    28 |       ||    28
       Chain mail        |       |     9 ||     9
Dodge: Dodged            |    36 |    12 ||    48
       Rpst.: Falchion   |    11 |       ||    11
